 Dungeon Crawl Stone Soup version 0.29.1-1-gd02db6906a (webtiles) character file.

Game seed: 3573103562550697592

56 christhawk the Shooter (level 3, -1/28 HPs)
             Began as a Demonspawn Hunter on Sept 24, 2022.
             Succumbed to a gnoll's poison
             ... on level 2 of the Dungeon.
             The game lasted 00:03:48 (1124 turns).

christhawk the Shooter (Demonspawn Hunter)          Turns: 1124, Time: 00:03:48

Health: -1/28      AC:  8    Str:  8 (11) XL:     3   Next: 71%
Magic:  3/3        EV:  3    Int: 10      God:
Gold:   72         SH:  0    Dex: 17 (18) Spells: 2/2 levels left

rFire   . . .      SeeInvis .   b - +0 long sword
rCold   . . .      Faith    .   (no shield)
rNeg    . . .      Spirit   .   e - +0 chain mail
rPois   .          Reflect  .   (no helmet)
rElec   .          Harm     .   (no cloak)
rCorr   .          Rampage  .   (no gloves)
Will    .....                   (no boots)
Stlth   ..........              (no amulet)
HPRegen 0.09/turn               (no ring)
MPRegen 0.08/turn               (no ring)

@: lethally poisoned (-1 -> -4)
A: demonic guardian 1, spiny 1
a: no special abilities


You were on level 2 of the Dungeon.
You visited 1 branch of the dungeon, and saw 2 of its levels.

You collected 72 gold pieces.

Inventory:

Hand Weapons
 a - a +0 shortbow
 b - a +0 long sword (weapon)
Armour
 d - a +0 ring mail
 e - a +0 chain mail (worn)
Scrolls
 f - a scroll of blinking
 i - a scroll of immolation
Potions
 g - a potion of cancellation


   Skills:
 + Level 2.5 Fighting
 + Level 4.5 Ranged Weapons
 + Level 0.7 Armour
 + Level 1.8 Dodging
 + Level 1.0 Stealth


You had 2 spell levels left.
You didn't know any spells.
Your spell library contained the following spells:

 Spells                   Type           Power      Damage    Failure   Level
 Magic Dart               Conj           0%         1d3       100%        1
 Searing Ray              Conj           0%         2d4       100%        2
 Fulminant Prism          Conj/Hex       0%         3d6       100%        4


Dungeon Overview and Level Annotations

Branches:
Dungeon (2/15)

Altars:

Shops:
D:1 [

Annotations:
D:2 Natasha


Innate Abilities, Weirdness & Mutations

A weak demonic guardian rushes to your aid.
You are partially covered in sharp spines.


Message History

The gnoll hits your quasit with a +0 flail!
Your quasit bites the gnoll.
The gnoll dies!
You feel your intelligence returning.
An adder comes into view.
The adder hisses angrily.
You hear an angry hiss.
Your quasit bites the gnoll.
Your quasit claws the gnoll but does no damage. x2
Natasha, Servant of Life and Death comes into view.
Natasha hisses angrily.
Natasha howls an incantation.
You feel troubled.
The gnoll hits your quasit with a +2 halberd of venom!
Your quasit dies!
Your quasit disappears in a puff of smoke!
You slash the adder!
You kill the adder!
Found a robe.
Natasha claws you but does no damage.
You see here an adder corpse.
You closely miss Natasha. Natasha claws you but does no damage.
A gnoll comes into view. It is wielding a +0 club.
The gnoll hits you but does no damage.
You are poisoned.
Natasha is struck by your spines. Natasha claws you.
You closely miss Natasha.
Natasha is lightly wounded.
You feel sick.
The gnoll hits you from afar with a +2 halberd of venom.
* * * LOW HITPOINT WARNING * * *
Natasha is struck by your spines. Natasha claws you but does no damage.
Found 10 gold pieces.
* * * LOW HITPOINT WARNING * * *
You feel sick. Natasha claws you.
* * * LOW HITPOINT WARNING * * *
Unknown command.
* * * LOW HITPOINT WARNING * * *
You feel sick.
You slash Natasha!
Natasha is severely wounded.
You die...

###...#....
..........# #....#.###
$........####..#.#....
#...........#..#######
#.........#....# ..
#.........#.#.##.#
##...[.......#....#
#.......#.##...####
#.....@.#......#
#......h.####...####
#.....##.g..g......#
#.....
######.####.###. #....
#.§g)...... #....
#####.##+#. .... ..
.... ... ...


You could see Natasha and a gnoll.

Vanquished Creatures
  2 adders (D:2)
  A dart slug (D:1)
  A ball python (D:1)
  An endoplasm (D:1)
  A giant cockroach (D:1)
  A goblin (D:1)
  5 hobgoblins (D:1)
  3 kobolds (D:1)
  2 quokkas (D:1)
  3 bats (D:1)
  A frilled lizard (D:1)
  5 rats (D:1)
26 creatures vanquished.

Vanquished Creatures (collateral kills)
  A gnoll (D:2)
1 creature vanquished.

Grand Total: 27 creatures vanquished

Notes
Turn   | Place    | Note
-------+----------+-------------------------------------------
     0 | D:1      | christhawk the Demonspawn Hunter began the quest for the
                  | Orb.
     0 | D:1      | Reached XP level 1. HP: 16/16 MP: 1/1
   172 | D:1      | Gained mutation: You are partially covered in sharp spines.
                  | [demonic ancestry]
   172 | D:1      | Reached XP level 2. HP: 19/22 MP: 2/2
   197 | D:1      | Reached skill level 4 in Ranged Weapons
   497 | D:1      | Reached skill level 1 in Stealth
   741 | D:1      | Found Lionur's Antique Armour Shop.
   921 | D:1      | Gained mutation: A weak demonic guardian rushes to your
                  | aid. [demonic ancestry]
   921 | D:1      | Reached XP level 3. HP: 27/27 MP: 3/3
  1116 | D:2      | Noticed Natasha
  1123 | D:2      | HP: 1/28 [poisoned by a gnoll]
  1124 | D:2      | Succumbed to a gnoll's poison

Illustrated notes

Levels and vault maps discovered:
D:1:      dpeg_arrival_oval, layout_basic, serial_shops,
          nicolae_shop_overgrown_old_shop, minmay_misc_feat_four_crosses,
          chequers_mini_garden, minmay_three_crescents
D:2:      layout_basic, uniq_natasha

Skill      XL: |  1  2 |
---------------+-------+-----
Ranged Weapons | 4 |  4.5
Stealth        | 1 |  1.0
Fighting       | |  2.5
Armour         | |  0.7
Dodging        | |  1.8

Action                   || total
-------------------------++-------
Melee: Long sword        ||     6
 Fire: Shortbow          ||    49
  Use: Scroll            ||     4
       Potion            ||     5
Armor: Leather armour    ||     3
       Ring mail         ||     1
       Chain mail        ||    18
Dodge: Dodged            ||    16
